AoeStats
← v.jasny

Arena

510127569Analyzed
1v1 RM · 3d ago on Sep 29, 2026· 30m 3s· 2 players
Game mode
Random Map
Map size
Tiny (2 player)
Population
200
Speed
Normal
Resources
Standard
Victory
Conquest
Starting age
Dark Age
Ending age
Imperial Age
RankedLock teamsTeams togetherTeam positionsShared explorationLock speedFull tech treeHidden civsTurbo modeCheats
Victory
Defeat
🇨🇿 Bohemians · Czechia
811
+14
🇵🇪 Inca · Peru
772
-14
CAPIBARBA
0:29 Loom
10:38 Feudal Age
11:54 Wheelbarrow
11:00 Horse Collar
11:06 Double-Bit Axe
18:00 Castle Age
17:34 Scale Mail Armor
17:49 Forging
18:16 Gold Mining
19:00 Hand Cart
18:48 Heavy Plow
19:32 Bow Saw
21:43 Gold Shaft Mining
28:47 Imperial Age
26:38 Elite Skirmisher
27:59 Fletching
28:09 Padded Archer Armor
29:16 Bodkin Arrow
29:36 Leather Archer Armor
v.jasny
2:38 Loom
10:00 Feudal Age
11:21 Wheelbarrow
10:35 Double-Bit Axe
10:33 Horse Collar
15:18 Town Watch
20:14 Castle Age
21:17 Hand Cart
21:25 Bow Saw
22:22 Chemistry
21:25 Heavy Plow
24:48 Town Patrol
Connection lost

Rejoining the realm…

Still unreachable

The connection could not be restored.

Session expired

The server has moved on; the page needs a fresh start.